 Dungeon Crawl Stone Soup version 0.31-a0-221-gbddc013574 (webtiles) character file.

Game seed: 18445988237051048765

93 qw the Shooter (level 4, 0/36 HPs)
             Began as a Minotaur Hexslinger on July 4, 2023.
             Killed from afar by an orc wizard (10 damage)
             ... with a magic dart
             ... on level 3 of the Dungeon.
             The game lasted 00:00:45 (1480 turns).

qw the Shooter (Minotaur Hexslinger)                Turns: 1480, Time: 00:00:46

Health: 0/36       AC:  5    Str: 13    XL:     4   Next: 37%
Magic:  4/4        EV: 16    Int: 10    God:
Gold:   175        SH:  0    Dex: 14    Spells: 4/5 levels left

rFire   . . .        Y - +2 sling (drain)
rCold   . . .        (no shield)
rNeg    . . .        d - +0 ring mail
rPois   .            (helmet restricted)
rElec   .            (no cloak)
rCorr   .            (no gloves)
SInv    .            (no boots)
Will    +....        j - amulet of faith
Stlth   +            f - +5 ring of evasion
HPRegen 0.26/turn    (no ring)
MPRegen 0.09/turn

%: faith
@: no status effects
A: horns 2, retaliatory headbutt, strong-willed 1, wild magic 1
a: no special abilities


You were on level 3 of the Dungeon.
You visited 1 branch of the dungeon, and saw 3 of its levels.

You collected 175 gold pieces.


Innate Abilities, Weirdness & Mutations

You have a pair of horns on your head.
You reflexively headbutt those who attack you in melee.
You are strong-willed. (Will+)
Your spells are a little harder to cast, but a little more powerful.


   Skills:
 - Level 2.1 Fighting
 + Level 4.7 Ranged Weapons
 - Level 1.0 Armour
 - Level 2.1 Dodging
 - Level 1.0 Spellcasting
 - Level 2.0 Hexes


You had 4 spell levels left.
You knew the following spells:

 Your Spells              Type           Power      Damage    Failure   Level
a - Slow                  Hex            20%        N/A       41%         1

Your spell library contained the following spells:

 Spells                   Type           Power      Damage    Failure   Level
 Inner Flame              Hex/Fire       3%         N/A       87%         3
 Portal Projectile        Hex/Tloc       6%         N/A       87%         3
 Cause Fear               Hex            2%         N/A       98%         4

Inventory:

Hand Weapons
 Y - a +2 sling of draining (weapon)
Armour
 d - a +0 ring mail (worn)
Jewellery
 f - a +5 ring of evasion (left hand)
 j - an amulet of faith (around neck)
Scrolls
 c - a scroll of teleportation {unknown}
 e - a scroll of identify
Potions
 a - a potion of haste
 b - a potion of might
 g - a potion of mutation
 h - 2 potions of curing

Dungeon Overview and Level Annotations

Branches:
Dungeon (3/15)

Altars:


Message History

1470 ||| FLEEEEING.
An orc wizard appears from thin air!
Reactivating autopickup.
You shoot a sling bullet.
The sling bullet closely misses the orc wizard.
You shoot a sling bullet. The sling bullet hits the orc wizard.
The orc wizard is moderately wounded.
You shoot a sling bullet.
The sling bullet closely misses the orc wizard.
The orc wizard hits you but does no damage.
You shoot a sling bullet.
The sling bullet completely misses the orc wizard.
The orc hits you but does no damage.
The orc wizard gestures wildly while chanting.
The orc wizard flickers and vanishes!
Deactivating autopickup; reactivate with Ctrl-A.
You shoot a sling bullet.
The sling bullet hits the orc but does no damage.
You drain the orc.
The orc is severely wounded.
The orc misses you. Something hits you.
You shoot a sling bullet.
The sling bullet closely misses the orc.
The orc grunts noisily, as Orcs often do.
The orc misses you. Something hits you but does no damage.
You shoot a sling bullet.
The sling bullet closely misses the orc.
Something barely misses you. The orc closely misses you. The orc misses you.
You furiously retaliate!
You headbutt the orc.
You kill the orc!
You hear some strange, mumbled words.
A magic dart appears from out of thin air!
The magic dart hits you.
1478 ||| STILL FLEEEEING.
Something hits you but does no damage.
1479 ||| STILL FLEEEEING.
You shoot a sling bullet.
You hear some strange, mumbled words.
A magic dart appears from out of thin air!
The magic dart hits you!
You die...

##.....##
##.......##
#.........#
##.......##
##.....##
##...##
##.##
#######.#
#..{@...#
#)#####.#
... #.##.#
#.# #.#
#.##.# #.#
#.# #.##.#
#.# ##.#
##.##.# #.#
.... ..##%#
#.# .#.#
#.##.# #.#
.#.# #.##.#
#.#


There were no monsters in sight!

Vanquished Creatures
  3 adders (D:2)
  2 worms
  A dart slug (D:1)
  3 orcs (D:3)
  8 ball pythons
  2 bats
  4 endoplasms
  3 giant cockroaches
  4 goblins
  8 hobgoblins
  5 jackals
  A kobold (D:3)
  A quokka (D:2)
  2 frilled lizards
  2 rats (D:2)
49 creatures vanquished.

Notes
Turn   | Place    | Note
-------+----------+-------------------------------------------
     0 | D:1      | qw the Minotaur Hexslinger began the quest for the Orb.
     0 | D:1      | Reached XP level 1. HP: 16/16 MP: 1/1
     0 | D:1      | 0 ||| qw: Version: 0.3-a-41-g9d075ac
     0 | D:1      | 0 ||| qw: Game counter: 713
     0 | D:1      | 0 ||| qw: Melee chars always use a shield: true
     0 | D:1      | 0 ||| qw: God list: Okawaru
     0 | D:1      | 0 ||| qw: Allow faded altars: false
     0 | D:1      | 0 ||| qw: Do Orc after clearing Dungeon:15 true
     0 | D:1      | 0 ||| qw: Do second Lair branch before Depths: true
     0 | D:1      | 0 ||| qw: Lair rune preference: random
     0 | D:1      | 0 ||| qw: Goals: Normal
     0 | D:1      | 0 ||| PLANNING D:1-11
   184 | D:1      | Reached skill level 3 in Ranged Weapons
   330 | D:1      | Reached XP level 2. HP: 23/23 MP: 2/2
   609 | D:1      | 609 ||| UPGRADING to +0 ring mail.
   619 | D:1      | 619 ||| DROPPING +0 robe.
   620 | D:1      | 620 ||| UPGRADING to amulet of faith.
   625 | D:1      | 625 ||| READING scroll labelled VANENY GAKKOM.
   626 | D:1      | 626 ||| READING scroll labelled VILIBE DUUTUD ITAC.
   627 | D:1      | 627 ||| READING scroll labelled ERIFFO BOSHRUIX.
   628 | D:1      | 628 ||| READING 4 scrolls labelled LIOF FAPNIONO.
   629 | D:1      | 629 ||| DRINKING 2 sedimented blue potions.
   629 | D:1      | Gained mutation: You sometimes lose your temper in combat.
                  | [potion of mutation]
   629 | D:1      | Gained mutation: You have an increased reservoir of magic.
                  | (+10% MP) [potion of mutation]
   630 | D:1      | 630 ||| DRINKING potion of mutation.
   630 | D:1      | Lost mutation: You have an increased reservoir of magic.
                  | (+10% MP) [potion of mutation]
   630 | D:1      | Lost mutation: You sometimes lose your temper in combat.
                  | [potion of mutation]
   630 | D:1      | Gained mutation: You are strong-willed. (Will+) [potion of
                  | mutation]
   630 | D:1      | Gained mutation: Your spells are a little harder to cast,
                  | but a little more powerful. [potion of mutation]
   631 | D:1      | 631 ||| DRINKING 3 fuming black potions.
   632 | D:1      | 632 ||| DROPPING scroll of poison.
   633 | D:1      | 633 ||| DROPPING 3 scrolls of vulnerability.
   733 | D:2      | Reached XP level 3. HP: 25/29 MP: 3/3
   773 | D:2      | Found a faded altar of an unknown god.
   787 | D:2      | Reached skill level 4 in Ranged Weapons
   970 | D:2      | Reached skill level 1 in Armour
  1064 | D:2      | Reached XP level 4. HP: 35/36 MP: 4/4
  1270 | D:2      | 1270 ||| UPGRADING to +5 ring of evasion.
  1271 | D:2      | 1271 ||| READING scroll labelled YSUKIU XULA.
  1272 | D:2      | 1272 ||| DRINKING 2 lumpy ruby potions.
  1273 | D:2      | 1273 ||| DRINKING 2 metallic puce potions.
  1274 | D:2      | 1274 ||| READING 2 scrolls of identify.
  1274 | D:2      | 1274 ||| IDENTIFYING purple potion
  1275 | D:2      | 1275 ||| DROPPING potion of brilliance.
  1312 | D:3      | 1312 ||| PLANNING SEWER
  1427 | D:3      | 1427 ||| FLEEEEING.
  1428 | D:3      | 1428 ||| FLEEEEING.
  1429 | D:3      | 1429 ||| FLEEEEING.
  1430 | D:3      | 1430 ||| FLEEEEING.
  1431 | D:3      | 1431 ||| FLEEEEING.
  1432 | D:3      | 1432 ||| FLEEEEING.
  1433 | D:3      | 1433 ||| FLEEEEING.
  1434 | D:3      | 1434 ||| FLEEEEING.
  1439 | D:3      | 1439 ||| FLEEEEING.
  1440 | D:3      | 1440 ||| FLEEEEING.
  1444 | D:3      | 1444 ||| FLEEEEING.
  1460 | D:3      | 1460 ||| FLEEEEING.
  1461 | D:3      | 1461 ||| FLEEEEING.
  1462 | D:3      | 1462 ||| FLEEEEING.
  1463 | D:3      | 1463 ||| FLEEEEING.
  1465 | D:3      | 1465 ||| FLEEEEING.
  1466 | D:3      | 1466 ||| FLEEEEING.
  1467 | D:3      | 1467 ||| FLEEEEING.
  1468 | D:3      | 1468 ||| FLEEEEING.
  1469 | D:3      | 1469 ||| FLEEEEING.
  1470 | D:3      | 1470 ||| FLEEEEING.
  1477 | D:3      | HP: 9/36 [something/magic dart (4)]
  1480 | D:3      | Killed from afar by an orc wizard

Levels and vault maps discovered:
D:1:      denvon_arrival_planthouse, layout_loops_cross, serial_forest,
          infiniplex_forest_clump_diagonal, infiniplex_forest_straight_3,
          infiniplex_forest_straight_4, infiniplex_forest_clump_double,
          infiniplex_forest_lined_room_, infiniplex_forest_lined_4_way
D:2:      layout_basic, hellmonk_ecumenical_altar_arch_garden,
          chequers_serial_rivers_micro_e, st_stairs_11
D:3:      layout_loops_ring, portal_sewer_entry_b

Skill      XL: |  1  2  3 |
---------------+----------+-----
Ranged Weapons | 3 4 |  4.7
Fighting       | 2 |  2.1
Armour         | 1 |  1.0
Dodging        | |  2.1
Spellcasting   | |  1.0
Hexes          | |  2.0

Action                     |  1- 3 |  4- 6 || total
---------------------------+-------+-------++-------
   Fire: Sling             |    90 |    46 ||   136
    Use: Scroll            |     4 |     2 ||     6
         Potion            |     3 |     2 ||     5
 Armour: Robe              |     4 |       ||     4
         Ring mail         |     7 |     9 ||    16
  Dodge: Dodged            |    30 |    15 ||    45

Table legend:
 A = Non-vault XP
 B = Vault XP
 C = Vault XP percentage of total XP
 D = Non-vault monster count
 E = Vault monster count
 F = Vault count percentage of total count
                 A         B        C        D         E       F
            +---------+---------+-------+---------+---------+-------
      Total |     128 |       6 |   4.5 |      45 |       4 |   8.2
            +---------+---------+-------+---------+---------+-------
        D:1 |      29 |       0 |   0.0 |      14 |       0 |   0.0
        D:2 |      72 |       6 |   7.7 |      20 |       4 |  16.7
        D:3 |      27 |       0 |   0.0 |      11 |       0 |   0.0
            +---------+---------+-------+---------+---------+-------
